 Dungeon Crawl Stone Soup version 0.31-a0-876-gfe8ebadbca (webtiles) character file.

Game seed: 12908723005179881870

2082 Naiya55 the Frost Mage (level 9, 0/72 (86) HPs)
             Began as a Naga Ice Elementalist on Oct 13, 2023.
             Was an Initiate of Cheibriados.
             Slain by a wight
             ... wielding a +0 flail
              (1 damage)
             ... on level 7 of the Dungeon.
             The game lasted 00:23:45 (6932 turns).

Naiya55 the Frost Mage (Naga Ice Elementalist)      Turns: 6932, Time: 00:23:46

HP:   0/72 (86)     AC:  5    Str: 18    XL:     9   Next: 27%
MP:   1/12          EV:  9    Int: 20    God:    Cheibriados [......]
Gold: 307           SH:  4    Dex: 13    Spells: 8/12 levels left

rFire   . . .        o - +0 whip (venom)
rCold   . . .        r - +0 buckler
rNeg    . . .        a - +0 robe
rPois   +            (no helmet)
rElec   .            t - +0 cloak
rCorr   .            (no gloves)
SInv    +            (no barding)
Will    +....        (no amulet)
Stlth   ++++         c - +4 ring of slaying
HPRegen 0.32/turn    x - +6 ring of strength
MPRegen 0.13/turn

%: no passive effects
@: freezing walls, heavily drained, very slow
A: AC +3, large, see invisible, deformed body, poison resistance, slowness 2,
spit poison 1, naga tail 1
a: Spit Poison, Renounce Religion


You were on level 7 of the Dungeon.
You worshipped Cheibriados.
Cheibriados was noncommittal.
You visited 2 branches of the dungeon, and saw 8 of its levels.

You collected 307 gold pieces.

Inventory:

Hand Weapons
 o - a +0 whip of venom (weapon)
 C - a +0 morningstar
Missiles
 h - 27 poisoned darts
Armour
 a - a +0 robe (worn)
 r - a +0 buckler (worn)
 t - a +0 cloak (worn)
Jewellery
 c - a +4 ring of slaying (left hand)
 x - a +6 ring of strength (right hand)
Wands
 v - a wand of acid (11)
 w - a wand of digging (7)
Scrolls
 e - a scroll of revelation
 i - 3 scrolls of identify
 j - 4 scrolls of poison {unknown}
 l - 2 scrolls of teleportation {unknown}
 m - 2 scrolls of amnesia {unknown}
 p - a scroll of torment {unknown}
 s - a scroll of enchant weapon {unknown}
 u - 2 scrolls of fear {unknown}
 y - a scroll of blinking {unknown}
 D - a scroll of fog {unknown}
 E - a scroll of vulnerability {unknown}
Potions
 b - 2 potions of magic
 d - a potion of mutation
 f - a potion of berserk rage
 g - a potion of heal wounds
 k - a potion of might
 n - 2 potions of curing {unknown}
 q - a potion of degeneration {unknown}
 z - a potion of enlightenment {unknown}
 A - 2 potions of attraction {unknown}
 B - a potion of brilliance {unknown}


   Skills:
 + Level 7.5 Fighting
 - Level 1.5 Dodging
 - Level 8.0 Stealth
 - Level 2.0 Shields
 + Level 2.4 Spellcasting
 + Level 8.3 Ice Magic


You had 8 spell levels left.
You knew the following spells:

 Your Spells              Type           Power      Damage    Failure   Level
a - Freeze                Ice            100%       1d10      1%          1
b - Frozen Ramparts       Ice            70%        1d11      1%          3

Your spell library contained the following spells:

 Spells                   Type           Power      Damage    Failure   Level
 Ozocubu's Armour         Ice            35%        N/A       1%          3
 Apportation              Tloc           4%         N/A       19%         1
 Summon Ice Beast         Ice/Summ       19%        N/A       34%         4
 Iskenderun's Battlesphe  Conj           2%         2d6       99%         5
 Bombard                  Conj/Erth      1%         9d1       100%        6
 Spellforged Servitor     Conj/Summ      1%         N/A       100%        7


Dungeon Overview and Level Annotations

Branches:
Dungeon (7/15)             Temple (1/1) D:6

Altars:
Cheibriados
Dithmenos
Fedhas
Gozag
Kikubaaqudgha
Nemelex Xobeh
Okawaru
Qazlal
Ru
Sif Muna
Trog
Uskayaw
Wu Jian
Xom
Yredelemnul
Zin
The Shining One

Shops:
D:4 :=

Portals:
Abyss: D:7

Annotations:
D:2 book of warp
D:7 1 transporter, Pikel; dragonking145's ghost, novice GrFi


Innate Abilities, Weirdness & Mutations

Your serpentine skin is tough. (AC +3)
You have supernaturally acute eyesight. (SInv)
Armour fits poorly on your strangely shaped body.
Your system is resistant to poisons. (rPois)
You cover ground very slowly.
You can spit poison.
You have a snake-like lower body.


Message History

Aiming: Spit Poison (1% risk of failure)
Press: ? - help, Shift-Dir - straight line, f - wight
Aim: a wight, wielding a +5 battleaxe and wearing a +0 robe (lightly damaged, 64% to hit)
The splash of poison hits the wight but does no damage.
The wight is lightly damaged.
The wight resists.
The wall freezes the wight.
The wight closely misses you.
The wall freezes the wight but does no damage.
The wight hits you with a +0 flail.
* * * LOW HITPOINT WARNING * * *
You feel much better.
The wall freezes the wight but does no damage.
The wight barely misses you.
The wight resists.
The wall freezes the wight.
The wight barely misses you.
Casting: Frozen Ramparts (safe; 1% risk of failure)
Confirm with . or Enter, or press ? or * to list all spells.
Aiming: Freeze (safe; 1% risk of failure)
Press: ? - help, Shift-Dir - straight line, f - wight, p - wight
Aim: a wight, wielding a +0 flail and wearing a +0 robe (almost destroyed)
You freeze the wight.
The wight resists.
The wight is almost destroyed.
The wight completely resists.
The wall freezes the wight but does no damage.
The wight hits you with a +5 battleaxe!
* * * LOW HITPOINT WARNING * * *
The wight completely resists.
The wall freezes the wight but does no damage.
The wight closely misses you.
Casting: Freeze (safe; 1% risk of failure)
Confirm with . or Enter, or press ? or * to list all spells.
You don't have enough magic to cast this spell.
You closely miss the wight.
The wight is almost destroyed.
You have got your breath back.
The wight resists.
The wall freezes the wight.
You block the wight's attack.
The wight completely resists.
The wall freezes the wight but does no damage.
The wight hits you with a +0 flail!
* * * LOW HITPOINT WARNING * * *
You feel drained.
You die...

...............##....#........
...............#####'#........
#..###...............#........
#### ##....######....#........
. #.#........##....#........
.# #.#........#######.h......
W. #.##.............# .###.#
##............# ## #.
#.......@z...# #
#.......##z...#
#..[.....##....#
..........##....#
..........+.......
##........#......##
##......[##....##
#.......##....#


You could see 2 wights.

Vanquished Creatures
  Sigmund (D:6)
  A human (D:4)
  An orc warrior (D:5)
  An ice beast (D:5)
  A sky beast (D:7)
  A black bear (D:6)
  A centaur (D:6)
  2 ogres
  A lemure (D:7)
  2 phantoms
  4 scorpions
  A bullfrog (D:6)
  3 hounds
  Crazy Yiuf (D:3)
  4 orc priests
  4 jellies
  2 iguanas
  3 orc wizards
  13 adders
  A shadow imp (D:6)
  An ufetubus (D:6)
  6 dart slugs
  14 orcs
  4 bats
  5 endoplasms
  2 giant cockroaches
  7 goblins
  4 hobgoblins
  4 jackals
  10 kobolds
  2 quokkas
  4 ball pythons
  5 frilled lizards
  2 goblin zombies (D:4)
  A jackal skeleton (D:4)
  3 rats
122 creatures vanquished.

Vanquished Creatures (others)
  An adder (D:4)
  A hobgoblin (D:4)
2 creatures vanquished.

Grand Total: 124 creatures vanquished

Notes
Turn   | Place    | Note
-------+----------+-------------------------------------------
     0 | D:1      | Naiya55 the Naga Ice Elementalist began the quest for the
                  | Orb.
     0 | D:1      | Reached XP level 1. HP: 15/15 MP: 3/3
    76 | D:1      | Reached XP level 2. HP: 18/22 MP: 0/5
   336 | D:1      | Reached XP level 3. HP: 19/28 MP: 0/6
   430 | D:1      | Reached skill level 5 in Ice Magic
   705 | D:1      | Learned a level 3 spell: Frozen Ramparts
   996 | D:2      | Reached XP level 4. HP: 32/36 MP: 2/7
  1241 | D:2      | Identified the +2 ring mail "Azyx" {Contam rElec rCorr
                  | SInv}
  2077 | D:3      | Found a shadowy altar of Dithmenos.
  2077 | D:3      | Found an ornate altar of the Wu Jian Council.
  2077 | D:3      | Found a sacrificial altar of Ru.
  2154 | D:3      | Found a faded altar of an unknown god.
  2163 | D:3      | Got a sooty book
  2752 | D:3      | Reached XP level 5. HP: 36/43 MP: 8/8
  2882 | D:3      | Found a runed translucent door.
  2883 | D:3      | Noticed Crazy Yiuf
  2891 | D:3      | Killed Crazy Yiuf
  2892 | D:3      | Reached skill level 1 in Fighting
  3193 | D:4      | Reached skill level 1 in Shields
  3193 | D:4      | Reached XP level 6. HP: 51/51 MP: 4/9
  3259 | D:4      | Found a runed translucent door.
  3259 | D:4      | Noticed a human
  3273 | D:4      | Found a basalt altar of Yredelemnul.
  3348 | D:4      | Found Xaidixt's Jewellery Boutique.
  3505 | D:4      | Found Gaoh's Tiny Tomes.
  3543 | D:4      | Killed a human
  3903 | D:4      | Reached XP level 7. HP: 61/61 MP: 4/10
  4146 | D:4      | Found a shimmering altar of Xom.
  4452 | D:5      | Entered Level 5 of the Dungeon
  4706 | D:5      | Found a glowing golden altar of the Shining One.
  4744 | D:5      | Reached XP level 8. HP: 72/72 MP: 7/11
  4785 | D:5      | Found a shimmering blue altar of Sif Muna.
  5245 | D:5      | Reached skill level 5 in Stealth
  5341 | D:5      | Reached skill level 5 in Fighting
  5898 | D:6      | Found an iron altar of Okawaru.
  6095 | D:6      | Noticed Sigmund
  6126 | D:6      | Killed Sigmund
  6127 | D:6      | Reached XP level 9. HP: 49/85 MP: 6/12
  6583 | D:6      | Found a staircase to the Ecumenical Temple.
  6705 | Temple   | Entered the Ecumenical Temple
  6744 | Temple   | Became a worshipper of Cheibriados the Contemplative
  6830 | D:7      | Found a transporter.
  6830 | D:7      | Found a one-way gate to the infinite horrors of the Abyss.
  6830 | D:7      | Noticed dragonking145's ghost (novice GrFi)
  6880 | D:7      | Noticed Pikel
  6932 | D:7      | HP: 1/74 [wight/+0 flail (11)]
  6932 | D:7      | Slain by a wight

Illustrated notes

Levels and vault maps discovered:
D:1:      dpeg_arrival_arbitrary_b, layout_rooms
D:2:      layout_basic, lemuel_flame_loot_1
D:3:      layout_loops_ring, gammafunk_temple_overflow_claw,
          portal_sewer_entry_e, shapermc_ecumenical_altar_rom_forum,
          uniq_crazy_yiuf_cottage
D:4:      layout_loops_corners, dk_xom_monty_hall, dk_yredelemnul_ordeal,
          serial_shops, nicolae_shop_temple_entry_statues_fountains,
          minmay_misc_feat_room, chequers_serial_rivers_large_a,
          nicolae_shop_i_like_small_books_too, kennysheep_dice
D:5:      layout_basic, mainiacjoe_overflow_alcove_4,
          nicolae_sif_muna_little_library
D:6:      layout_rooms, mainiacjoe_overflow_alcove_1, temple_statues,
          uniq_sigmund
D:7:      layout_gridville, nicolae_ashenzari_skybound,
          gammafunk_ghost_abyssal_escape, minmay_starry_boxes, uniq_pikel
Temple:   nicolae_temple_figure_zero

Skill      XL: |  1  2  3  4  5  6  7  8  9 |
---------------+----------------------------+-----
Ice Magic      | 5 6 7 8 |  8.3
Fighting       | 1 2 3 6 7 |  7.5
Shields        | 1 2 |  2.0
Stealth        | 8 |  8.0
Dodging        | |  1.5
Spellcasting   | |  2.4

Action                     |  1- 3 |  4- 6 |  7- 9 || total
---------------------------+-------+-------+-------++-------
  Melee: Unarmed           |     3 |       |       ||     3
         Dagger            |    23 |    28 |       ||    51
         Punch             |     1 |       |       ||     1
         Whip              |       |    57 |   101 ||   158
   Cast: Freeze            |    29 |    18 |    44 ||    91
         Frozen Ramparts   |       |     5 |    19 ||    24
Ability: Spit Poison       |    10 |    17 |    16 ||    43
    Use: Scroll            |       |     6 |       ||     6
         Potion            |       |       |     1 ||     1
   Stab: Sleeping          |     1 |     1 |     1 ||     3
 Armour: Robe              |    38 |    64 |   117 ||   219
  Dodge: Dodged            |    24 |    48 |    75 ||   147
  Block: Buckler           |       |     6 |    15 ||    21

Table legend: (Time is in decaauts)
 A = Elapsed time spent in this place.
 B = Non-inter-level travel time spent in this place.
 C = Inter-level travel time spent in this place.
 D = Time resting spent in this place.
 E = Time spent auto-exploring this place.
 F = Levels seen in this place.
 G = Mean time per level.
                   A        B        C        D        E       F      G
               +--------+--------+--------+--------+--------+-----+--------+
         Total |   8884 |   8558 |    326 |      0 |   6198 |   8 | 1110.5 |
       Dungeon |   8810 |   8504 |    306 |      0 |   6198 |   7 | 1258.6 |
        Temple |     74 |     55 |     19 |      0 |      0 |   1 |   74.0 |
               +--------+--------+--------+--------+--------+-----+--------+

Top non-repeatable levels by time:
     D:4: 1925 daAuts
     D:5: 1664 daAuts
     D:2: 1587 daAuts
     D:3: 1411 daAuts
     D:6: 1127 daAuts
     D:1: 871 daAuts
     D:7: 221 daAuts
  Temple: 74 daAuts
